 Dungeon Crawl Stone Soup version 0.17-a0-288-gaf424a4 (webtiles) character file.

1628 xeno23 the Summoner (level 8, -4/52 HPs)
             Began as a Merfolk Ice Elementalist on Mar 30, 2015.
             Slain by an orc warrior
             ... wielding a +0 battleaxe
              (29 damage)
             ... on level 6 of the Dungeon.
             The game lasted 00:41:57 (6361 turns).

xeno23 the Summoner (Merfolk Ice Elementalist)      Turns: 6361, Time: 00:41:57

Health: -4/52      AC:  8    Str: 15    XL:     8   Next: 97%
Magic:  2/9        EV: 12    Int: 16    God:
Gold:   201        SH:  0    Dex: 14    Spells: 3 memorised, 3 levels left

rFire  . . .     SeeInvis .     a - +6 hand axe of a sewer {chop, Str+6}
rCold  . . .     Clarity  .     y - +3 leather armour
rNeg   . . .     SustAb   +     (no shield)
rPois  .         Gourm    .     o - +1 hat
rElec  .         Spirit   .     s - +0 cloak
rCorr  .         Warding  .     (no gloves)
rMut   .         Stasis   .     (no boots)
MR     .....                    (no amulet)
Stlth  +++.......               A - ring of sustain abilities
                                x - ring of stealth

@: very slightly contaminated, not resistant to hostile enchantments, fairly
stealthy
A: change form in water, swift swim
a: no special abilities


You were on level 6 of the Dungeon.
You were very hungry.

You visited 1 branch of the dungeon, and saw 9 of its levels.

You collected 285 gold pieces.
You spent 84 gold pieces at shops.

Inventory:

Hand weapons
 a - the +6 hand axe of a sewer (weapon) {chop, Str+6}
   (You found it on level 4 of the Dungeon)

   It inflicts extra damage upon your enemies.
   It affects your strength (+6).
 q - a +1 spear
 E - a +1 long sword of freezing
 J - a +2 dagger of venom
Missiles
 e - 21 stones (quivered)
Armour
 o - a +1 hat (worn)
 s - a +0 cloak (worn)
 y - a +3 leather armour (worn)
Jewellery
 k - an uncursed amulet of faith
 x - a ring of stealth (left hand)
 A - a ring of sustain abilities (right hand)
Magical devices
 B - a wand of digging (18)
Scrolls
 j - a scroll of acquirement {unknown}
 l - 3 scrolls of teleportation
 p - a scroll of magic mapping {unknown}
 r - 2 scrolls of blinking
 w - a scroll of noise {unknown}
 C - a scroll of enchant armour {unknown}
 G - 3 scrolls of identify
 H - a scroll of amnesia {unknown}
 I - a scroll of random uselessness {unknown}
 K - a scroll of immolation
Potions
 d - a potion of degeneration {unknown}
 f - a potion of brilliance {unknown}
 h - a potion of resistance {unknown}
 i - 3 potions of curing
 m - 2 potions of restore abilities {unknown}
 t - a potion of agility {unknown}
 v - 2 potions of heal wounds
 z - a potion of flight {unknown}
 F - a potion of cancellation {unknown}
Books
 b - a book of Frost

   Spells                             Type                      Level
   a - Freeze                         Ice                          1
   b - Throw Frost                    Conjuration/Ice              2
   c - Ozocubu's Armour               Charms/Ice                   3
   d - Throw Icicle                   Conjuration/Ice              4
   e - Summon Ice Beast               Ice/Summoning                4
   f - Condensation Shield            Ice                          4
 L - a book of Death

   Spells                             Type                      Level
   a - Corpse Rot                     Necromancy                   2
   b - Sublimation of Blood           Necromancy                   2
   c - Agony                          Necromancy                   5
   d - Dispel Undead                  Necromancy                   5
   e - Excruciating Wounds            Charms/Necromancy            5
   f - Bolt of Draining               Conjuration/Necromancy       5
 M - a book of Annihilations {highlevel, unknown}

   This book is beyond your current level of understanding.

   Spells                             Type                      Level
   a - Poison Arrow                   Conjuration/Poison           6
   b - Chain Lightning                Conjuration/Air              8
   c - Lehudib's Crystal Spear        Conjuration/Earth            8
   d - Glaciate                       Conjuration/Ice              9
   e - Fire Storm                     Conjuration/Fire             9
Comestibles
 c - 5 bread rations
 g - 2 beef jerkies
 n - 2 slices of pizza
 u - 5 meat rations
 D - a chunk of flesh


   Skills:
 + Level 0.0 Fighting
 + Level 2.6 Dodging
 - Level 2.1 Stealth
 + Level 2.0 Spellcasting
   Level 0.7 Conjurations
 - Level 2.3 Charms
 - Level 9.1 Summonings
 + Level 6.9 Ice Magic


You had 3 spell levels left.
You knew the following spells:

 Your Spells              Type           Power        Failure   Level  Hunger
a - Freeze                Ice            ###.         1%          1    #......
b - Ozocubu's Armour      Chrm/Ice       ###.....     12%         3    ###....
c - Summon Ice Beast      Ice/Summ       ####....     12%         4    #####..


Dungeon Overview and Level Annotations

Branches:
Dungeon (9/15)               Lair (0/8) D:8
 Temple: D:4-7          Orc: D:9-12

Altars:
Cheibriados
Makhleb
Nemelex Xobeh
Sif Muna

Shops:
D:4 [   D:6 *

Annotations:
D:7 xeno23's ghost, experienced MfIE


Message History

You miscast Summon Ice Beast.
You are very lightly contaminated with residual magic.
You feel a strange surge of energy!
The orc warrior hits you with a battleaxe.
You take 1 damage.
Drink which item? (? for menu, Esc to quit)
Okay, then.
A rat comes into view.
Drink which item? (? for menu, Esc to quit)
Okay, then.
Read which item? (? for menu, Esc to quit)
Okay, then.
Evoke which item? (* to show all) (? for menu, Esc to quit)
Zapping:
B - a wand of digging {recharged} (will waste charges)
Press: ? - help, Shift-Dir - straight line, p - orc warrior The rock shatters into small pieces.
Evoking this partially-identified wand wasted a few charges.
The orc warrior hits you with a battleaxe!!
Ouch! That really hurt!
You die...

##### ##################### ....#
...+...r...#....o......#
#########.......@..#......o....#
......).........#o.+.>.... ....+
.#...#)..#...#..#.##....{ ...#
......(........_#.##.... ..#
.#...#...#...#..#.##>..##+# #.#
................#.##...##.####(##
#################.##....#........
....##....##..##..##....'........
'#######'###......#.....#........


You could see an orc warrior and a rat (sleeping).

Vanquished Creatures
  A yak (D:8)
  The ghost of xeno23 the Chiller, an average MfIE of Vehumet (D:4)
  2 ogres (D:4)
  A scorpion (D:4)
  A hound (D:6)
  A crimson imp (D:6)
  An orc priest (D:6)
  A centaur skeleton (D:5)
  5 orc wizards
  3 worker ants
  5 river rats (D:8)
  4 gnolls (D:2)
  7 adders
  2 giant mites
  A shadow imp (D:5)
  5 worms
  3 giant geckos
  6 orcs
  8 bats
  2 bat skeletons
  6 giant cockroaches
  7 goblins
  14 hobgoblins
  10 jackals
  4 quokkas
  6 giant newts
  11 kobolds
  15 rats
133 creatures vanquished.

Vanquished Creatures (collateral kills)
  Sigmund (D:5)
  A yak (D:8)
  A hungry ghost (D:8)
  A basilisk (D:8)
  4 crocodiles (D:8)
  2 orc wizards (D:6)
  An orc priest (D:5)
  A worker ant (D:8)
  3 orcs
15 creatures vanquished.

Vanquished Creatures (others)
  4 ice beasts
  A bush (D:8)
  3 fungi (D:8)
  5 plants (D:8)
13 creatures vanquished.

Grand Total: 161 creatures vanquished

Notes
Turn   | Place    | Note
--------------------------------------------------------------
     0 | D:1      | xeno23, the Merfolk Ice Elementalist, began the quest for the Orb.
     0 | D:1      | Reached XP level 1. HP: 13/13 MP: 2/2
   343 | D:1      | Reached XP level 2. HP: 19/19 MP: 3/3
   432 | D:1      | Reached skill level 4 in Ice Magic
  1233 | D:2      | Reached XP level 3. HP: 24/24 MP: 4/4
  1445 | D:2      | Reached skill level 5 in Ice Magic
  1472 | D:2      | Reached XP level 4. HP: 17/30 MP: 0/5
  1605 | D:2      | Learned a level 4 spell: Summon Ice Beast
  2303 | D:3      | Found a deep blue altar of Sif Muna.
  2321 | D:3      | Reached skill level 6 in Ice Magic
  2389 | D:3      | Found a sparkling altar of Nemelex Xobeh.
  2472 | D:3      | Reached XP level 5. HP: 35/35 MP: 4/6
  2739 | D:3      | Learned a level 3 spell: Ozocubu's Armour
  3045 | D:4      | Reached skill level 1 in Summonings
  3152 | D:4      | Noticed an ogre
  3226 | D:4      | Got a warped hand axe
  3228 | D:4      | Identified the +6 hand axe of a sewer {chop, Str+6} (You found it on level 4 of the Dungeon)
  3275 | D:4      | Reached skill level 1 in Charms
  3275 | D:4      | Reached XP level 6. HP: 35/41 MP: 2/7
  3533 | D:4      | Noticed xeno23's ghost (average MfIE)
  3582 | D:4      | Killed xeno23's ghost
  3813 | D:4      | Found Silutit's Antique Armour Boutique.
  3828 | D:4      | Bought a glowing hat for 84 gold pieces
  3836 | D:4      | Noticed an ogre
  3842 | D:4      | Killed an ogre
  3842 | D:4      | Reached XP level 7. HP: 46/46 MP: 2/8
  4124 | D:4      | Killed an ogre
  4330 | D:5      | Entered Level 5 of the Dungeon
  4858 | D:5      | Reached skill level 5 in Summonings
  4976 | D:5      | Noticed Sigmund
  4988 | D:5      | Killed Sigmund
  5231 | D:6      | Found Louckias' Luxury Loot.
  5253 | D:6      | Found a burning altar of Makhleb.
  5398 | D:6      | Found a snail-covered altar of Cheibriados.
  5504 | D:6      | Reached XP level 8. HP: 33/52 MP: 5/9
  5653 | D:6      | You fall through a shaft for 3 floors!
  5664 | D:9      | Noticed a hill giant
  5705 | D:8      | Reached skill level 7 in Summonings
  5805 | D:8      | Reached skill level 8 in Summonings
  6216 | D:8      | Found a staircase to the Lair.
  6227 | D:7      | Noticed xeno23's ghost (experienced MfIE)
  6280 | D:6      | Reached skill level 9 in Summonings
  6361 | D:6      | Slain by an orc warrior

Action                   |  1- 3 |  4- 6 |  7- 9 || total
-------------------------+-------+-------+-------++-------
Melee: Dagger            |    87 |    85 |       ||   172
       Unarmed           |     3 |       |       ||     3
       Hand axe          |       |     9 |   131 ||   140
Throw: Stone             |       |       |    10 ||    10
 Cast: Freeze            |    16 |    57 |    36 ||   109
       Ozocubu's Armour  |       |     1 |     4 ||     5
       Summon Ice Beast  |       |       |    13 ||    13
Evoke: Wand              |       |       |     1 ||     1
  Use: Scroll            |       |     8 |       ||     8
 Stab: Sleeping          |     2 |     6 |     2 ||    10
       Distracted        |       |     1 |       ||     1
  Eat: Chunk             |     1 |    10 |    11 ||    22
